 Dungeon Crawl Stone Soup version 0.21.1-1-g345015f (webtiles) character file.

31934 suicidejoker the Archer (level 13, -22/89 HPs)
             Began as an Octopode Hunter on Apr 20, 2018.
             Was the Champion of Okawaru.
             Annihilated by a large slime creature (26 damage)
             ... on level 14 of the Dungeon.
             The game lasted 01:10:13 (19744 turns).

suicidejoker the Archer (Octopode Hunter)          Turns: 19744, Time: 01:10:15

Health: -22/89     AC:  5    Str: 20      XL:     13   Next: 61%
Magic:  20/20      EV: 24    Int: 24 (25) God:    Okawaru [******]
Gold:   1665       SH:  0    Dex: 22      Spells: 13/22 levels left

rFire    . . .     SeeInvis .   b - +2 great sword
rCold    x . .     Gourm    .   (shield currently unavailable)
rNeg     + + .     Faith    .   L - +1 hat {Int+3}
rPois    .         Spirit   .   (no amulet)
rElec    .         Reflect  .   l - ring of Nepn {rC- rN+ Str+3 Dex+7}
rCorr    .         Harm     .   h - +3 ring of intelligence
MR       +....                  t - ring of positive energy
Stlth    +++++++...             z - ring of stealth
HPRegen  0.24/turn              r - ring of fire
MPRegen  0.17/turn              N - +5 ring of intelligence
                                V - +3 ring of evasion
                                W - ring of Pagif {Ice MR+ Str+2}

@: no status effects
A: almost no armour, stealthy swim, amphibious, 8 rings, constrict 8, molten
scales 1, camouflage 1, agile 1, deterioration 1, shaggy fur 1, gelatinous body
1
a: Heroism, Finesse, Renounce Religion


You were on level 14 of the Dungeon.
You worshipped Okawaru.
Okawaru was exalted by your worship.
You were not hungry.

You visited 2 branches of the dungeon, and saw 15 of its levels.
You also visited: Bailey.

You collected 2410 gold pieces.
You spent 745 gold pieces at shops.

Inventory:

Hand Weapons
 a - a +3 shortbow of venom
 b - a +2 great sword (weapon)
 w - a +0 blowgun
 I - a +0 dagger of electrocution
Missiles
 c - 749 arrows
 m - 3 poisoned javelins
 o - 7 javelins (quivered)
 p - 36 bolts
 q - 73 poisoned needles
 v - 6 tomahawks
 y - a throwing net
 O - 9 curare-tipped needles
 U - 39 tomahawks of returning
Armour
 k - a +0 shield of protection
 L - a +1 hat of intelligence (worn)
Jewellery
 h - a +3 ring of intelligence (right tentacle)
 j - an uncursed amulet of the gourmand {unknown}
 l - the ring of Nepn (left tentacle) {rC- rN+ Str+3 Dex+7}
   (You found it on level 4 of the Dungeon)

   [ring of positive energy]

   It affects your strength (+3).
   It affects your dexterity (+7).
   It makes you vulnerable to cold.
   It protects you from negative energy.
 r - a ring of fire (on tentacle)
 t - a ring of positive energy (on tentacle)
 z - a ring of stealth (on tentacle)
 N - a +5 ring of intelligence (on tentacle)
 V - a +3 ring of evasion (on tentacle)
 W - the ring of Pagif (on tentacle) {Ice MR+ Str+2}
   (You acquired it on level 8 of the Dungeon)

   [ring of ice]

   It enhances your ice magic.
   It affects your strength (+2).
   It makes you vulnerable to fire.
   It protects you from cold.
   It affects your resistance to hostile enchantments.
Wands
 f - a wand of acid (3)
 g - a wand of random effects (65)
 n - a wand of flame (86)
 s - a wand of iceblast (9)
 M - a wand of clouds (11)
 Y - a wand of polymorph (13)
Scrolls
 e - a scroll of amnesia
 x - 8 scrolls of remove curse
 D - 4 scrolls of teleportation
 K - 3 scrolls of fog
Potions
 i - 3 potions of curing
 u - 2 potions of ambrosia
 B - a potion of brilliance
 F - 2 potions of agility
 P - 2 potions of haste
 S - a potion of resistance
Books
 A - the Disquisition on Air and the Glacier
   (You found it on level 9 of the Dungeon)

   Spells                             Type                      Level
   a - Ensorcelled Hibernation        Hexes/Ice                    2
   b - Static Discharge               Conjuration/Air              3
   c - Conjure Ball Lightning         Conjuration/Air              6
   d - Bolt of Cold                   Conjuration/Ice              6
 G - a book of Flames

   Spells                             Type                      Level
   a - Flame Tongue                   Conjuration/Fire             1
   b - Throw Flame                    Conjuration/Fire             2
   c - Conjure Flame                  Conjuration/Fire             3
   d - Inner Flame                    Hexes/Fire                   3
   e - Sticky Flame                   Conjuration/Fire             4
   f - Fireball                       Conjuration/Fire             5
 H - the Reference Book on Flamy Lightness
   (You found it on level 9 of the Dungeon)

   Spells                             Type                      Level
   a - Shock                          Conjuration/Air              1
   b - Poisonous Vapours              Poison/Air                   2
   c - Airstrike                      Air                          4
   d - Lightning Bolt                 Conjuration/Air              5
   e - Ring of Flames                 Charms/Fire                  7
 X - a book of Geomancy

   Spells                             Type                      Level
   a - Sandblast                      Earth                        1
   b - Passwall                       Transmutation/Earth          2
   c - Stone Arrow                    Conjuration/Earth            3
   d - Petrify                        Transmutation/Earth          4
   e - Lee's Rapid Deconstruction     Earth                        5
Miscellaneous
 C - a fan of gales
Comestibles
 d - 39 rations


   Skills:
 + Level 8.5 Fighting
 * Level 5.9 Long Blades
   Level 3.7 Polearms
 * Level 12.0 Bows
 + Level 8.4 Dodging
 + Level 11.5 Stealth
 * Level 5.2 Spellcasting
 + Level 3.8 Conjurations
 + Level 4.2 Fire Magic
 + Level 3.9 Air Magic
 + Level 6.8 Invocations
 + Level 4.7 Evocations


You had 13 spell levels left.
You knew the following spells:

 Your Spells              Type           Power        Failure   Level  Hunger
a - Ensorcelled Hibernat  Hex/Ice        #.....       13%         2    None
b - Shock                 Conj/Air       ####         1%          1    None
c - Flame Tongue          Conj/Fire      #####        1%          1    None
d - Inner Flame           Hex/Fire       ###.....     11%         3    ##.....
e - Passwall              Tmut/Erth      #.........   13%         2    None


Dungeon Overview and Level Annotations

Branches:
Dungeon (14/15)            Temple (1/1) D:5            Lair (0/6) D:11
    Orc (0/2) D:9          Vaults (0/5) D:14

Altars:
Ashenzari
Cheibriados
Dithmenos
Elyvilon
Fedhas
Gozag
Hepliaklqana
Makhleb
Nemelex Xobeh
Okawaru
Ru
Sif Muna
Trog
Uskayaw
Wu Jian
Xom
Yredelemnul
Zin

Shops:
D:7 [   D:8 ?

Portals:
Trove: D:13 (give 17 potions of curing)

Annotations:
D:4 Pikel
D:7 Marcia's ghost, novice TrWz
D:11 Renzlar's ghost, journeyman GnSk


Innate Abilities, Weirdness & Mutations

You cannot wear most types of armour.
You are very stealthy in the water. (Stealth+)
You are amphibious.
You can wear up to eight rings at the same time.
You can use your tentacles to constrict eight enemies at once.
Your skin changes colour to match your surroundings (Stealth+).
Your rubbery body absorbs attacks. (AC +1, EV +1)
You are partially covered in molten scales. (AC +2)
You are agile. (Dex +2)
Your body sometimes deteriorates upon taking damage.
You are covered in fur. (AC +1)


Message History

The slime creature is almost dead.
The slime creature completely misses you.
The large slime creature misses you.
You riposte.
You hit the large slime creature. You squeeze the large slime creature.
The large slime creature is lightly wounded.
You barely miss the slime creature. Your squeeze misses the slime creature.
The slime creature is almost dead.
The slime creature closely misses you.
The large slime creature barely misses you.
You riposte.
You slash the large slime creature!
The large slime creature is lightly wounded.
The slime creature completely misses you.
You slice the slime creature!!
You kill the slime creature!
Okawaru accepts your kill. The large slime creature hits you!!!
* * * LOW HITPOINT WARNING * * *
Your body deteriorates!
You feel dopey. The large slime creature hits you!!
You die...

(# #.# #.# #
(# #.# #.# #
.# #.#######
#.# # .###
#....cc.c #.#
#
.....###<.###
#.# #
#J..(>...#
#.# #
#......#.#
#.# #
#.#.#.#..#
#.#
#.....)J@#
#.#
#.#.#.#..#
#.# #.#
#.#......#
#.# #.#
###........#
#.# #.#
...........##
#.# ###>###
...........#
#.# #...... #
##........#
#.# #...###
#. #.....)..#
#.# #.#####
#.##.#...#).#
##.## #.##<.)


You could see a large slime creature.

Vanquished Creatures
  Kirke (D:12)
  Louise (D:14)
  A vault guard (D:14)
  Erolcha (D:11)
  The ghost of MaidMarian the Unseen, a journeyman SpEn of Ashenzari (D:13)
  3 centaur warriors (D:14)
  2 hydras
  4 two-headed ogres
  Sonja (D:14)
  A wizard (D:14)
  4 necromancers (D:14)
  An orc knight (Bailey)
  2 ugly things (D:13)
  2 cyclopes (D:14)
  A centaur zombie (D:14)
  A manticore (D:11)
  Maurice (D:10)
  2 trolls
  Prince Ribbit (D:6)
  Grinder (D:3)
  2 slime creatures (D:14)
  3 hippogriffs
  Sigmund (D:3)
  A wyvern (D:14)
  9 yaks
  A hog (D:12)
  16 humans (D:14)
  A basilisk (D:11)
  A basilisk (shapeshifter) (D:13)
  Eustachio (D:6)
  Edmund (D:6)
  6 vampire mosquitoes
  3 ice beasts
  A sky beast (D:7)
  10 orc warriors
  A hornet zombie (D:9)
  2 necrophages
  2 slaves (D:4)
  2 black bears (D:8)
  7 phantoms
  10 ogres
  22 centaurs
  A crocodile (shapeshifter) (D:14)
  3 big kobolds
  8 bullfrogs
  2 scorpions
  10 wights
  A howler monkey (D:6)
  4 electric eels (D:4)
  6 crimson imps
  A bullfrog zombie (D:6)
  4 jellies
  Crazy Yiuf (D:6)
  9 orc priests
  A bullfrog skeleton (D:13)
  4 centaur skeletons
  5 hounds
  3 iguanas
  10 orc wizards
  6 worker ants
  A hound zombie (D:9)
  A hound skeleton (D:4)
  A howler monkey skeleton (D:6)
  5 adders
  2 shadow imps
  6 worms
  A dart slug (D:3)
  5 leopard geckos
  47 orcs
  2 ball pythons
  2 giant cockroaches
  6 hobgoblins
  4 jackals
  4 quokkas
  7 bats
  5 frilled lizards
  6 goblins
  A jackal skeleton (D:4)
  25 kobolds
  A quokka skeleton (D:5)
  A quokka zombie (D:5)
  4 rats
351 creatures vanquished.

Vanquished Creatures (collateral kills)
  A slime creature (D:14)
1 creature vanquished.

Vanquished Creatures (others)
  A cyclops (D:14)
  An orc wizard (D:6)
  A bush (D:14)
  A plant (D:4)
4 creatures vanquished.

Grand Total: 356 creatures vanquished

Notes
Turn   | Place    | Note
-------+----------+-------------------------------------------
     0 | D:1      | suicidejoker the Octopode Hunter began the quest for the Orb.
     0 | D:1      | Reached XP level 1. HP: 14/14 MP: 1/1
   637 | D:2      | Reached XP level 2. HP: 14/19 MP: 2/2
   773 | D:2      | Reached XP level 3. HP: 18/24 MP: 3/3
   804 | D:2      | Found a faded altar of an unknown god.
  1066 | D:2      | Reached XP level 4. HP: 27/30 MP: 4/4
  1145 | D:2      | Found Zin's Purification Station.
  1151 | D:2      | Found a glowing silver altar of Zin.
  1154 | D:2      | Bought a potion of curing for 90 gold pieces
  1502 | D:3      | Noticed Sigmund
  1510 | D:3      | Killed Sigmund
  1510 | D:3      | Reached skill level 5 in Bows
  1510 | D:3      | Reached XP level 5. HP: 24/36 MP: 5/5
  1696 | D:3      | Reached XP level 6. HP: 28/42 MP: 6/6
  2066 | D:3      | Noticed Grinder
  2087 | D:3      | Killed Grinder
  2087 | D:3      | Reached skill level 6 in Bows
  2087 | D:3      | Reached XP level 7. HP: 26/46 MP: 7/7
  2637 | D:4      | Got a flickering lapis lazuli ring
  2728 | D:4      | Found a transporter.
  2765 | D:4      | Reached skill level 5 in Stealth
  3553 | D:4      | Noticed Pikel
  4033 | D:4      | Reached XP level 8. HP: 53/54 MP: 8/8
  4058 | D:4      | Reached skill level 7 in Bows
  4089 | D:4      | Found a transporter.
  4110 | D:4      | Identified the ring of Nepn {rC- rN+ Str+3 Dex+7} (You found it on level 4 of the Dungeon)
  4875 | D:4      | You fall through a shaft for 2 floors!
  4875 | D:6      | Found a shadowy altar of Dithmenos.
  5115 | D:6      | Noticed Edmund
  5118 | D:5      | Entered Level 5 of the Dungeon
  5130 | D:5      | Found a staircase to the Ecumenical Temple.
  5148 | Temple   | Entered the Ecumenical Temple
  5263 | Temple   | Became a worshipper of Warmaster Okawaru
  5293 | D:5      | Found a sparkling altar of Nemelex Xobeh.
  5453 | D:5      | Reached skill level 5 in Fighting
  5453 | D:5      | Reached skill level 5 in Dodging
  5569 | D:5      | Found a blossoming altar of Fedhas.
  5645 | D:5      | Reached skill level 8 in Bows
  5981 | D:5      | Found a snail-covered altar of Cheibriados.
  6481 | D:6      | Reached XP level 9. HP: 23/61 MP: 9/9
  6745 | D:6      | Reached * piety under Okawaru
  6952 | D:6      | Noticed Prince Ribbit
  6971 | D:6      | Killed Prince Ribbit
  6971 | D:6      | Reached skill level 1 in Invocations
  7468 | D:6      | Reached skill level 9 in Bows
  7578 | D:6      | Noticed Eustachio
  7587 | D:6      | Killed Eustachio
  7617 | D:6      | Reached ** piety under Okawaru
  8071 | D:6      | Found a runed door.
  8075 | D:6      | Noticed Crazy Yiuf
  8087 | D:6      | Killed Crazy Yiuf
  8229 | D:6      | Killed Edmund
  8731 | D:7      | Found a blossoming altar of Fedhas.
  8755 | D:7      | Reached XP level 10. HP: 68/68 MP: 12/12
  8758 | D:7      | Found Qinouk's Armour Boutique.
  8788 | D:7      | HP: 1/69 [yak (17)]
  8790 | D:7      | Reached *** piety under Okawaru
  9174 | D:7      | Reached skill level 10 in Bows
  9589 | D:7      | Noticed Marcia's ghost (novice TrWz)
  9601 | D:7      | Found a burning altar of Makhleb.
  9639 | D:7      | Found a bloodstained altar of Trog.
  9864 | D:8      | Found a bloodstained altar of Trog.
 10159 | D:8      | Reached skill level 1 in Polearms
 10437 | D:8      | Found Sool's Magic Scroll Boutique.
 10440 | D:8      | Bought a scroll of teleportation for 30 gold pieces
 10440 | D:8      | Bought a scroll of teleportation for 30 gold pieces
 10440 | D:8      | Bought a scroll of enchant weapon for 75 gold pieces
 10530 | D:8      | Noticed a two-headed ogre
 10541 | D:8      | Killed a two-headed ogre
 10541 | D:8      | Reached **** piety under Okawaru
 11315 | D:9      | Reached XP level 11. HP: 75/75 MP: 14/14
 11324 | D:9      | Found a runed door.
 11344 | D:9      | Found a staircase to the Orcish Mines.
 11352 | D:9      | Noticed a two-headed ogre
 11436 | D:9      | Killed a two-headed ogre
 11436 | D:9      | Received a gift from Okawaru
 11436 | D:9      | Reached skill level 10 in Stealth
 11436 | D:9      | Reached skill level 1 in Evocations
 11656 | D:9      | Gained mutation: Your flesh is heat resistant. (rF+) [potion of mutation]
 11656 | D:9      | Gained mutation: You can translocate small distances at will. [potion of mutation]
 11657 | D:9      | Lost mutation: Your flesh is heat resistant. (rF+) [potion of mutation]
 11657 | D:9      | Lost mutation: You can translocate small distances at will. [potion of mutation]
 11657 | D:9      | Gained mutation: You are robust. (+10% HP) [potion of mutation]
 11657 | D:9      | Gained mutation: You tend to lose your temper in combat. [potion of mutation]
 11657 | D:9      | Gained mutation: You are agile. (Dex +2) [potion of mutation]
 11657 | D:9      | Gained mutation: You are very agile. (Dex +4) [potion of mutation]
 11814 | D:9      | Found a deep blue altar of Sif Muna.
 11815 | D:9      | Found a shattered altar of Ashenzari.
 11815 | D:9      | Found a hide-covered altar of Uskayaw.
 11816 | D:9      | Found a shimmering altar of Xom.
 12407 | D:9      | Found a sparkling altar of Nemelex Xobeh.
 12487 | D:9      | Identified the Reference Book on Flamy Lightness
 12516 | D:9      | Reached skill level 1 in Long Blades
 12713 | D:9      | Identified the Disquisition on Air and the Glacier
 12718 | D:9      | Learned a level 2 spell: Ensorcelled Hibernation
 12720 | D:9      | Learned a level 1 spell: Shock
 12722 | D:9      | Learned a level 1 spell: Flame Tongue
 12730 | D:10     | Entered Level 10 of the Dungeon
 13004 | D:10     | Reached skill level 5 in Invocations
 13203 | D:10     | Noticed Maurice
 13212 | D:10     | Killed Maurice
 13212 | D:10     | Reached skill level 1 in Spellcasting
 13701 | D:11     | Noticed Renzlar's ghost (journeyman GnSk)
 13839 | D:11     | Received a gift from Okawaru
 14077 | D:11     | Reached skill level 1 in Fire Magic
 14086 | D:11     | Reached skill level 1 in Conjurations
 14118 | D:11     | Noticed Erolcha
 14130 | D:11     | Killed Erolcha
 14130 | D:11     | Reached ***** piety under Okawaru
 14130 | D:11     | Received a gift from Okawaru
 14130 | D:11     | Reached skill level 11 in Bows
 14130 | D:11     | Reached skill level 1 in Air Magic
 14296 | D:11     | Noticed a manticore
 14304 | D:11     | Killed a manticore
 14304 | D:11     | Received a gift from Okawaru
 14522 | D:11     | Found a staircase to the Lair.
 14638 | D:11     | Noticed a two-headed ogre
 14646 | D:11     | Killed a two-headed ogre
 14772 | D:11     | Found a deep blue altar of Sif Muna.
 14843 | D:8      | Bought a scroll of acquirement for 520 gold pieces
 14844 | D:8      | Got a bound steel ring
 14845 | D:8      | Identified the ring of Pagif {Ice MR+ Str+2} (You acquired it on level 8 of the Dungeon)
 15167 | D:12     | Learned a level 3 spell: Inner Flame
 15477 | D:12     | Noticed a two-headed ogre
 15491 | D:12     | Killed a two-headed ogre
 15491 | D:12     | Reached XP level 12. HP: 90/90 MP: 13/16
 15559 | D:12     | Noticed Kirke
 15569 | D:12     | Killed Kirke
 15569 | D:12     | Received a gift from Okawaru
 15801 | D:12     | Lost mutation: You are robust. (+10% HP) [potion of mutation]
 15801 | D:12     | Lost mutation: You tend to lose your temper in combat. [potion of mutation]
 15801 | D:12     | Lost mutation: You are very agile. (Dex +4) [potion of mutation]
 15801 | D:12     | Gained mutation: Your body sometimes deteriorates upon taking damage. [potion of mutation]
 15801 | D:12     | Gained mutation: You are covered in fur. (AC +1) [potion of mutation]
 15801 | D:12     | Gained mutation: You are partially covered in molten scales. (AC +2) [potion of mutation]
 16196 | D:13     | Found a flagged portal.
 16210 | Bailey   | Entered a bailey
 16543 | Bailey   | Found a burning altar of Makhleb.
 16595 | D:13     | Learned a level 2 spell: Passwall
 16899 | D:13     | Found a blossoming altar of Fedhas.
 17007 | D:13     | Noticed MaidMarian's ghost (journeyman SpEn)
 17024 | D:13     | Killed MaidMarian's ghost
 17024 | D:13     | Received a gift from Okawaru
 17127 | D:13     | Found a portal to a secret trove of treasure.
 17175 | D:13     | Noticed a seven-headed hydra
 17185 | D:13     | Killed a seven-headed hydra
 17185 | D:13     | Received a gift from Okawaru
 17443 | D:14     | Noticed a centaur warrior
 17818 | D:14     | Noticed a centaur warrior
 17828 | D:14     | Killed a centaur warrior
 17879 | D:14     | Killed a centaur warrior
 17879 | D:14     | Received a gift from Okawaru
 17950 | D:14     | Noticed Louise
 17983 | D:14     | Noticed a centaur warrior
 18201 | D:14     | Noticed a six-headed hydra
 18210 | D:14     | Killed a six-headed hydra
 18210 | D:14     | Received a gift from Okawaru
 18210 | D:14     | Reached XP level 13. HP: 88/88 MP: 19/19
 18626 | D:14     | Noticed Sonja
 18638 | D:14     | Killed Sonja
 18638 | D:14     | Received a gift from Okawaru
 18638 | D:14     | Reached skill level 5 in Long Blades
 18952 | D:14     | Noticed a vault guard
 18960 | D:14     | Killed a vault guard
 18960 | D:14     | Reached ****** piety under Okawaru
 18960 | D:14     | Received a gift from Okawaru
 19116 | D:14     | Reached skill level 5 in Spellcasting
 19198 | D:14     | Reached skill level 12 in Bows
 19254 | D:14     | Found a gate to the Vaults.
 19733 | D:14     | Killed Louise
 19744 | D:14     | HP: 4/89 [large slime creature (38)]
 19744 | D:14     | Annihilated by a large slime creature

Skill      XL: |  1  2  3  4  5  6  7  8  9 10 11 12 13 |
---------------+----------------------------------------+-----
Stealth        | 2 3 4 5 7 8 9 10 11 | 11.5
Fighting       | 3 4 5 6 7 8 |  8.5
Bows           | 5 6 8 9 10 11 12 | 12.0
Dodging        | 3 4 5 6 7 8 |  8.4
Invocations    | 2 4 5 6 |  6.8
Polearms       | 3 |  3.7
Evocations     | 2 3 4 |  4.7
Long Blades    | 3 4 5 |  5.9
Spellcasting   | 2 4 5 |  5.2
Fire Magic     | 2 3 4 |  4.2
Conjurations   | 1 3 |  3.8
Air Magic      | 2 3 |  3.9

Action                   |  1- 3 |  4- 6 |  7- 9 | 10-12 | 13-15 || total
-------------------------+-------+-------+-------+-------+-------++-------
Melee: Short sword       |       |    13 |    94 |       |       ||   107
       Tentacles         |       |     4 |    35 |    67 |    10 ||   116
       Constrict         |       |     3 |    31 |    29 |     1 ||    64
       Halberd           |       |       |    42 |    91 |       ||   133
       Punch             |       |       |     1 |     3 |       ||     4
       Great sword       |       |       |       |    77 |    18 ||    95
       Dagger            |       |       |       |     2 |       ||     2
 Fire: Shortbow          |    85 |    46 |   289 |   467 |   143 ||  1030
Throw: Javelin           |       |       |     6 |     6 |       ||    12
 Cast: Inner Flame       |       |       |       |     7 |     7 ||    14
       Shock             |       |       |       |     1 |       ||     1
Invok: Heroism           |       |       |     1 |     8 |       ||     9
       Finesse           |       |       |       |     3 |       ||     3
Evoke: Wand              |       |       |    35 |    16 |    10 ||    61
       Sack of spiders   |       |       |       |       |     2 ||     2
  Use: Scroll            |       |       |     9 |    21 |     2 ||    32
       Potion            |       |       |     7 |    15 |     2 ||    24
 Stab: Sleeping          |       |     1 |     3 |     4 |       ||     8
       Distracted        |       |       |     1 |       |       ||     1
       Invisible         |       |       |       |     1 |       ||     1
  Eat: Chunk             |       |     3 |    17 |    16 |     5 ||    41
       Ration            |       |       |     1 |     4 |       ||     5
Armor: Skin              |     4 |       |     6 |     6 |     3 ||    19
Dodge: Dodged            |    18 |    16 |   150 |   254 |    37 ||   475
       Rpst.: Great sword |       |       |       |    18 |     4 ||    22
